 Dungeon Crawl Stone Soup version 0.31-a0-1370-gf52a5a9ab3 (webtiles) character file.

Game seed: 12707567267609572267

77 croobank the Firebug (level 3, 0/26 HPs)
             Began as a Demigod Fire Elementalist on Dec 24, 2023.
             Slain by Terence
             ... wielding a +0 trident
              (3 damage)
             ... on level 2 of the Dungeon.
             The game lasted 00:03:28 (2282 turns).

croobank the Firebug (Demigod Fire Elementalist)    Turns: 2282, Time: 00:03:28

Health: 0/26       AC:  2    Str:  9    XL:     3   Next: 91%
Magic:  0/9        EV: 12    Int: 21    God:
Gold:   64         SH:  0    Dex: 14    Spells: 0/6 levels left

rFire   . . .        d - +0 short sword
rCold   . . .        (no shield)
rNeg    . . .        a - +0 robe
rPois   .            (no helmet)
rElec   .            (no cloak)
rCorr   .            (no gloves)
SInv    .            (no boots)
Will    .....        (no amulet)
Stlth   ++           (no ring)
HPRegen 0.24/turn    (no ring)
MPRegen 0.11/turn

%: no passive effects
@: no status effects
A: high MP 1, forlorn, divine attributes
a: no special abilities


You were on level 2 of the Dungeon.
You visited 1 branch of the dungeon, and saw 2 of its levels.

You collected 64 gold pieces.

Inventory:

Hand Weapons
 d - a +0 short sword (weapon)
 k - a +0 vampiric whip
Armour
 a - a +0 robe (worn)
 j - a +0 ring mail
Scrolls
 g - 2 scrolls of identify
 i - a scroll of poison {unknown}
Potions
 b - a potion of brilliance
 c - a potion of degeneration {unknown}
 e - a potion of might {unknown}
 f - a potion of heal wounds {unknown}
 h - 2 potions of lignification {unknown}


   Skills:
 + Level 2.3 Dodging
 + Level 2.5 Stealth
 + Level 2.2 Spellcasting
 + Level 1.7 Conjurations
 + Level 3.1 Fire Magic


You couldn't memorise any spells.
You knew the following spells:

 Your Spells              Type           Power      Damage    Failure   Level
a - Foxfire               Conj/Fire      48%        2x1d6     5%          1
b - Scorch                Fire           30%        2d6       6%          2
c - Inner Flame           Hex/Fire       8%         N/A       22%         3

Your spell library contained the following spells:

 Spells                   Type           Power      Damage    Failure   Level
 Volatile Blastmotes      Fire/Tloc      16%        2d11      22%         3
 Flame Wave               Conj/Fire      12%        2d6       47%         4


Dungeon Overview and Level Annotations

Branches:
Dungeon (2/15)

Annotations:
D:2 Terence


Innate Abilities, Weirdness & Mutations

You have an increased reservoir of magic. (+10% MP)
You shall have no god before yourself.
Your divine heritage dramatically boosts your attributes as you level up.


Message History

b - a potion of brilliance Terence closely misses you.
Casting: Foxfire (safe; 5% risk of failure)
Confirm with . or Enter, or press ? or * to list all spells.
You conjure some foxfire!
Terence barely misses you.
Your foxfire dissipates!
Terence is no longer more vulnerable to fire.
The foxfire hits Terence.
Terence is heavily wounded.
Terence barely misses you.
You hit Terence but do no damage.
Terence is heavily wounded.
Terence hits you with a +0 trident.
You hit Terence.
Terence is severely wounded.
Terence hits you with a +0 trident!
You hit Terence but do no damage.
Terence is severely wounded.
Terence barely misses you.
You barely miss Terence.
Terence is severely wounded.
Terence completely misses you.
You hit Terence.
Terence is severely wounded.
Terence completely misses you.
You hit Terence but do no damage.
Terence is severely wounded.
Terence barely misses you.
You completely miss Terence.
Terence is severely wounded.
Terence closely misses you.
You hit Terence but do no damage.
Terence is severely wounded.
Terence hits you with a +0 trident!
* * * LOW HITPOINT WARNING * * *
Casting: Foxfire (safe; 5% risk of failure)
Confirm with . or Enter, or press ? or * to list all spells.
You conjure some foxfire!
Terence hits you with a +0 trident.
You die...
Terence says, "That felt goooood."

# #### ## #. #.. ..# ###
#.###:###.# ##.######
#......... ##.......#
#.....# #.........
#....v#.#####....##.#
#..@@.#..........##.#
#...v.#######..####.#
#.##### #..####.# #.#
#.......# #.# ##...#####
#.#### ##...>.## # #.##.##
##.......###
######.#...####.........##
.............†.'.........'.


You could see Terence (ally target).

Vanquished Creatures
  2 adders
  4 dart slugs
  5 orcs (D:1)
  4 ball pythons
  4 bats
  6 endoplasms (D:1)
  2 giant cockroaches (D:1)
  2 hobgoblins (D:1)
  2 jackals (D:2)
  4 kobolds (D:1)
  4 quokkas
  A frilled lizard (D:2)
  2 rats
42 creatures vanquished.

Vanquished Creatures (others)
  86 foxfires
86 creatures vanquished.

Grand Total: 128 creatures vanquished

Notes
Turn   | Place    | Note
-------+----------+-------------------------------------------
     0 | D:1      | croobank the Demigod Fire Elementalist began the quest for
                  | the Orb.
     0 | D:1      | Reached XP level 1. HP: 14/14 MP: 5/5
    66 | D:1      | Reached skill level 1 in Conjurations
   600 | D:1      | Reached XP level 2. HP: 20/20 MP: 5/7
   721 | D:1      | Learned a level 2 spell: Scorch
  1563 | D:1      | Reached XP level 3. HP: 26/26 MP: 5/8
  1567 | D:1      | Learned a level 3 spell: Inner Flame
  1573 | D:1      | Reached skill level 3 in Fire Magic
  2261 | D:2      | Noticed Terence
  2282 | D:2      | Slain by Terence

Illustrated notes

Levels and vault maps discovered:
D:1:      heliophobic_arrival_ceremonial_halls, layout_basic,
          minmay_pentomino_x4
D:2:      layout_loops_corners, uniq_terence

Skill      XL: |  1  2  3 |
---------------+----------+-----
Conjurations   | 1 |  1.7
Stealth        | 2 |  2.5
Dodging        | 2 |  2.3
Spellcasting   | 2 |  2.2
Fire Magic     | 3 |  3.1

Action                     || total
---------------------------++-------
  Melee: Short sword       ||    25
   Cast: Foxfire           ||    53
         Scorch            ||    21
    Use: Scroll            ||     1
         Potion            ||     1
 Armour: Robe              ||    44
  Dodge: Dodged            ||    55

Table legend: (Time is in decaauts)
 A = Elapsed time spent in this place.
 B = Non-inter-level travel time spent in this place.
 C = Inter-level travel time spent in this place.
 D = Time resting spent in this place.
 E = Time spent auto-exploring this place.
 F = Levels seen in this place.
 G = Mean time per level.
                   A        B        C        D        E       F      G
               +--------+--------+--------+--------+--------+-----+--------+
         Total |   2284 |   2116 |    168 |    783 |   1023 |   2 | 1142.0 |
       Dungeon |   2284 |   2116 |    168 |    783 |   1023 |   2 | 1142.0 |
               +--------+--------+--------+--------+--------+-----+--------+

Top non-repeatable levels by time:
     D:1: 1752 daAuts
     D:2: 532 daAuts
